 Dungeon Crawl Stone Soup version 0.31.0-11-ge490571c62 (webtiles) character file.

Game seed: 11756188119166574474

30 qw the Shooter (level 3, -2/20 HPs)
             Began as a Deep Elf Hunter on Feb 3, 2024.
             Slain by a ribbon worm (7 damage)
             ... on level 2 of the Dungeon.
             The game lasted 00:00:15 (786 turns).

qw the Shooter (Deep Elf Hunter)                     Turns: 786, Time: 00:00:16

Health: -2/20      AC:  6    Str: 10    XL:     3   Next: 5%
Magic:  5/5        EV:  9    Int: 13    God:
Gold:   88         SH:  0    Dex: 18    Spells: 2/2 levels left

rFire   . . .        a - +0 shortbow
rCold   . . .        (shield currently unavailable)
rNeg    . . .        f - +0 scale mail
rPois   .            (no helmet)
rElec   .            (no cloak)
rCorr   .            (no gloves)
SInv    .            (no boots)
Will    .....        (no amulet)
Stlth   +            (no ring)
HPRegen 0.23/turn    (no ring)
MPRegen 0.09/turn

%: no passive effects
@: no status effects
A: no striking features
a: no special abilities


You were on level 2 of the Dungeon.
You visited 1 branch of the dungeon, and saw 2 of its levels.

You collected 88 gold pieces.


   Skills:
 - Level 1.5 Fighting
 + Level 6.6 Ranged Weapons
 - Level 2.4 Dodging
 - Level 1.2 Stealth


You had 2 spell levels left.
You didn't know any spells.
Your spell library was empty.

Inventory:

Hand Weapons
 a - a +0 shortbow (weapon)
Armour
 f - a +0 scale mail (worn)
Scrolls
 b - a scroll of identify {unknown}
 c - a scroll of immolation {unknown}
Potions
 d - a potion of attraction {unknown}
 e - a potion of heal wounds

Dungeon Overview and Level Annotations

Branches:
Dungeon (2/15)

Altars:

Annotations:
D:2 Jessica


Message History

You kill the hobgoblin!
The bat hits you but does no damage.
Jessica gestures wildly while chanting.
Jessica blinks!
You shoot an arrow. The arrow hits the ribbon worm.
The ribbon worm is lightly wounded.
The ribbon worm bites you but does no damage.
Jessica casts a spell at you. You resist with some effort.
You shoot an arrow. The arrow hits the ribbon worm.
The ribbon worm is moderately wounded.
The bat closely misses you. The ribbon worm bites you.
You shoot an arrow.
The arrow barely misses the ribbon worm.
The bat closely misses you. Jessica hits you with a +0 dagger.
The ribbon worm expels a string of sticky webbing.
The stream of webbing hits you but does no damage.
You are caught in a web!
Jessica points at you and mumbles some strange words.
You resist with some effort.
The web tears apart.
The bat barely misses you. The ribbon worm bites you.
Jessica casts a spell.
Jessica blinks!
You shoot an arrow. The arrow hits the ribbon worm!
The ribbon worm is severely wounded.
The bat barely misses you.
The ribbon worm bites you but does no damage.
Jessica gestures wildly while chanting.
Jessica blinks!
You shoot an arrow.
The arrow hits the ribbon worm but does no damage.
The ribbon worm is heavily wounded.
The bat barely misses you. The bat closely misses you.
The ribbon worm closely misses you.
You shoot an arrow. The arrow hits the ribbon worm.
The ribbon worm is heavily wounded.
The bat hits you but does no damage. The ribbon worm bites you.
Jessica hits you with a +0 dagger. The ribbon worm bites you!
You die...

#.....#...<.......#
#.....#######.###.#
#.....# .# ###.....# .#
#.......# .# # #.#.##.##
##.###.## #.#.#.##.#
#......$.
#........#######...b###.
.##.#..........@@.......
#.#############w.###..
#. B## #. .# .. .. #..
..


You could see a ribbon worm, Jessica, a giant cockroach and a bat.

Vanquished Creatures
  A ribbon worm (D:2)
  5 ball pythons
  2 bats
  2 endoplasms (D:1)
  2 giant cockroaches
  2 goblins (D:1)
  4 hobgoblins
  2 kobolds (D:1)
  2 quokkas
  A rat (D:1)
23 creatures vanquished.

Notes
Turn   | Place    | Note
-------+----------+-------------------------------------------
     0 | D:1      | qw the Deep Elf Hunter began the quest for the Orb.
     0 | D:1      | Reached XP level 1. HP: 12/12 MP: 3/3
     0 | D:1      | 0 ||| qw: Version: 0.3-a-155-g5e7d8dd
     0 | D:1      | 0 ||| qw: Game counter: 3269
     0 | D:1      | 0 ||| qw: Melee chars always use a shield: true
     0 | D:1      | 0 ||| qw: God list: Okawaru
     0 | D:1      | 0 ||| qw: Allow faded altars: false
     0 | D:1      | 0 ||| qw: Do Orc after clearing Dungeon:15 true
     0 | D:1      | 0 ||| qw: Do second Lair branch before Depths: true
     0 | D:1      | 0 ||| qw: Lair rune preference: random
     0 | D:1      | 0 ||| qw: Goals: Normal
     0 | D:1      | 0 ||| PLANNING D:1-11
   271 | D:1      | Reached skill level 6 in Ranged Weapons
   271 | D:1      | Reached XP level 2. HP: 16/16 MP: 4/4
   382 | D:1      | Found a faded altar of an unknown god.
   606 | D:1      | 606 ||| UPGRADING to +0 scale mail.
   616 | D:1      | 616 ||| DROPPING +0 leather armour.
   617 | D:1      | 617 ||| DRINKING 2 orange potions.
   618 | D:1      | 618 ||| DROPPING scroll of butterflies.
   644 | D:2      | 644 ||| STAIRDANCE
   673 | D:2      | 673 ||| STAIRDANCE
   777 | D:2      | Noticed Jessica
   778 | D:2      | Reached XP level 3. HP: 20/20 MP: 5/5
   786 | D:2      | HP: 5/20 [Jessica/+0 dagger (3)]
   786 | D:2      | Slain by a ribbon worm

Levels and vault maps discovered:
D:1:      noname_arrival_rooms_in_the_neighbourhood, layout_basic,
          shapermc_ecumenical_altar_notcrosses
D:2:      layout_loops_ring, basic_altar, minmay_bisected, uniq_jessica

Skill      XL: |  1 |
---------------+----+-----
Ranged Weapons | 6 |  6.6
Fighting       | |  1.5
Dodging        | |  2.4
Stealth        | |  1.2

Action                     || total
---------------------------++-------
   Fire: Shortbow          ||    75
    Use: Potion            ||     1
 Armour: Leather armour    ||     6
         Scale mail        ||    32
  Dodge: Dodged            ||    25

Table legend:
 A = Non-vault XP
 B = Vault XP
 C = Vault XP percentage of total XP
 D = Non-vault monster count
 E = Vault monster count
 F = Vault count percentage of total count
                 A         B        C        D         E       F
            +---------+---------+-------+---------+---------+-------
      Total |      40 |       4 |   9.1 |      21 |       2 |   8.7
            +---------+---------+-------+---------+---------+-------
        D:1 |      29 |       0 |   0.0 |      16 |       0 |   0.0
        D:2 |      11 |       4 |  26.7 |       5 |       2 |  28.6
            +---------+---------+-------+---------+---------+-------
